 Dungeon Crawl Stone Soup version 0.26-a0-597-gb535b0901c (webtiles) character file.

Game seed: 6889374472208082334

162 Apogee the Skirmisher (level 5, 0/57 HPs)
             Began as an Ogre Berserker on Sept 14, 2020.
             Was a Believer of Trog.
             Slain by a frilled lizard (2 damage)
             ... on level 3 of the Dungeon.
             The game lasted 00:04:05 (2722 turns).

Apogee the Skirmisher (Ogre Berserker)              Turns: 2722, Time: 00:04:06

Health: 0/57       AC:  3    Str: 22    XL:     5   Next: 43%
Magic:  5/5        EV: 10    Int:  8    God:    Trog [**....]
Gold:   114        SH:  0    Dex:  8    Spells: 4/4 levels left

rFire    . . .     SeeInvis .   a - +0 mace
rCold    . . .     Faith    .   (no shield)
rNeg     . . .     Spirit   .   b - +0 animal skin
rPois    .         Reflect  .   (helmet restricted)
rElec    .         Harm     .   (no cloak)
rCorr    .                      (gloves unavailable)
MR       .....                  (boots unavailable)
Stlth    +.........             (no amulet)
HPRegen  0.19/turn              (no ring)
MPRegen  0.09/turn              (no ring)

@: no status effects
A: large, unfitting armour, tough skin 1
a: Berserk, Trog's Hand, Renounce Religion


You were on level 3 of the Dungeon.
You worshipped Trog.
Trog was pleased with you.
You visited 1 branch of the dungeon, and saw 3 of its levels.

You collected 114 gold pieces.

Inventory:

Hand Weapons
 a - a +0 mace (weapon)
Missiles
 n - 7 boomerangs (quivered)
 s - 46 stones
Armour
 b - a +0 animal skin (worn)
Jewellery
 h - an uncursed amulet of the acrobat {unknown}
   (You found it on level 1 of the Dungeon)
 j - an uncursed amulet of regeneration {unknown}
   (You found it on level 1 of the Dungeon)
 r - a +4 ring of protection {unknown}
   (You found it on level 2 of the Dungeon)
Scrolls
 c - a scroll of identify {unknown}
 d - a scroll of fear {unknown}
 f - a scroll of remove curse {unknown}
 i - a scroll of immolation {unknown}
 k - a scroll of magic mapping {unknown}
 m - a scroll of teleportation {unknown}
 p - 3 scrolls of random uselessness {unknown}
Potions
 e - 2 potions of ambrosia {unknown}
 g - a potion of flight {unknown}
 l - a potion of magic {unknown}
 o - a potion of haste {unknown}
 q - a potion of curing {unknown}


   Skills:
 + Level 5.3 Fighting
 * Level 4.4 Maces & Flails
 + Level 1.1 Throwing
 + Level 3.0 Dodging


You had 4 spell levels left.
You didn't know any spells.
Your spell library was empty.

Dungeon Overview and Level Annotations

Branches:
Dungeon (3/15)

Altars:
Xom


Innate Abilities, Weirdness & Mutations

You are too large for most types of armour.
You have tough skin. (AC +1)


Message History

There are monsters nearby!
There are monsters nearby!
An ogre comes into view. It is wielding a +0 giant club.
Throwing (i - inventory. (/) - cycle)
n - 8 boomerangs (quivered)
Aim: an ogre, wielding a +0 giant club (wandering, hasn't noticed you)
You throw a boomerang.
The boomerang closely misses the frilled lizard.
The ogre shouts!
The boomerang hits the ogre but does no damage.
Throwing (i - inventory. (/) - cycle)
n - 7 boomerangs (quivered)
Aim: an ogre, wielding a +0 giant club You throw a boomerang.
The boomerang closely misses the frilled lizard.
The boomerang hits the ogre.
Throwing (i - inventory. (/) - cycle)
n - 7 boomerangs (quivered)
Aim: an ogre, wielding a +0 giant club (lightly wounded)
You throw a boomerang. The boomerang hits the frilled lizard.
The quokka barely misses you.
You barely miss the quokka.
The quokka bites you but does no damage.
You completely miss the quokka.
The quokka bites you but does no damage.
The quokka barely misses you.
You hit the quokka. The quokka bites you.
You closely miss the quokka. The quokka barely misses you. x2
You sock the quokka!
You kill the quokka!
Trog accepts your kill.
The ogre hits you with a +0 giant club!!
* * * LOW HITPOINT WARNING * * *
You sock the ogre! You hit the ogre. The ogre barely misses you.
You barely miss the ogre. The ogre hits you with a +0 giant club!
* * * LOW HITPOINT WARNING * * *
You hit the ogre. The ogre barely misses you.
You hit the ogre. The ogre hits you with a +0 giant club!
* * * LOW HITPOINT WARNING * * *
You thump the ogre! The ogre barely misses you.
You hit the ogre.
You kill the ogre!
Trog accepts your kill.
Your Throwing skill increases to level 1!
Your Dodging skill increases to level 3!
You have reached level 5!
Unknown command.
You barely miss the frilled lizard. The frilled lizard bites you.
* * * LOW HITPOINT WARNING * * *
Unknown command.
You closely miss the frilled lizard. The frilled lizard bites you.
You die...

###.# #.....# #.#
########.###.#
###.###........# #.#
........######.###.#
......### #.....#
##.....# ###.###
##...## #.# ##.##
#.# #.# #@# #.# #l#
#+# ..# ...# ##!.#
...# ...# ....#


You could see a frilled lizard.

Vanquished Creatures
  An ogre (D:3)
  2 adders (D:2)
  An ooze (D:2)
  3 dart slugs
  A leopard gecko (D:1)
  8 bats
  A giant cockroach (D:1)
  5 goblins
  6 hobgoblins
  4 jackals (D:2)
  2 quokkas
  A ball python (D:1)
  4 frilled lizards (D:1)
  4 kobolds
  7 rats
50 creatures vanquished.

Notes
Turn   | Place    | Note
-------+----------+-------------------------------------------
     0 | D:1      | Apogee the Ogre Berserker began the quest for the Orb.
     0 | D:1      | Reached XP level 1. HP: 24/24 MP: 1/1
   235 | D:1      | Reached XP level 2. HP: 21/32 MP: 2/2
   677 | D:1      | Reached ** piety under Trog
   732 | D:1      | Reached XP level 3. HP: 29/40 MP: 3/3
  1143 | D:2      | Found a faded altar of an unknown god.
  2096 | D:2      | Reached XP level 4. HP: 43/49 MP: 4/4
  2262 | D:2      | Found a shimmering altar of Xom.
  2454 | D:2      | Reached skill level 5 in Fighting
  2705 | D:3      | Noticed an ogre
  2720 | D:3      | Killed an ogre
  2720 | D:3      | Reached skill level 1 in Throwing
  2720 | D:3      | Reached XP level 5. HP: 4/57 MP: 5/5
  2721 | D:3      | HP: 2/57 [frilled lizard (3)]
  2722 | D:3      | Slain by a frilled lizard

Illustrated notes

Levels and vault maps discovered:
D:1:      lemuel_arrival_room, layout_basic
D:2:      layout_basic, lemuel_coloured_pillars_altar,
          chequers_ecumenical_altar_simple_redux
D:3:      layout_loops_corners, gammafunk_ghost_mausoleum

Skill      XL: |  1  2  3  4 |
---------------+-------------+-----
Maces & Flails | 3 4 |  4.4
Fighting       | 5 |  5.3
Throwing       | 1 |  1.1
Dodging        | 3 |  3.0

Action                   |  1- 3 |  4- 6 || total
-------------------------+-------+-------++-------
Melee: Mace              |   113 |    32 ||   145
Throw: Boomerang         |       |     3 ||     3
 Stab: Sleeping          |     1 |       ||     1
Armor: Animal skin       |    45 |     7 ||    52
Dodge: Dodged            |    61 |    15 ||    76

Table legend: (Time is in decaauts)
 A = Elapsed time spent in this place.
 B = Non-inter-level travel time spent in this place.
 C = Inter-level travel time spent in this place.
 D = Time resting spent in this place.
 E = Time spent auto-exploring this place.
 F = Levels seen in this place.
 G = Mean time per level.
                   A        B        C        D        E       F      G
               +--------+--------+--------+--------+--------+-----+--------+
         Total |   2755 |   2704 |     51 |    244 |   2108 |   3 |  918.3 |
       Dungeon |   2755 |   2704 |     51 |    244 |   2108 |   3 |  918.3 |
               +--------+--------+--------+--------+--------+-----+--------+

Top non-repeatable levels by time:
     D:2: 1675 daAuts
     D:1: 1003 daAuts
     D:3: 76 daAuts
